 Dungeon Crawl Stone Soup version 0.17-a0-1838-g891d947 (webtiles) character file.

130307 shakdrar the Peltast (level 16, -1/139 HPs)
             Began as a Minotaur Fighter on Sept 15, 2015.
             Was a High Priest of Okawaru.
             Slain by a hornet (16 damage)
             ... on level 1 of the Spider Nest.
             The game lasted 03:01:42 (34371 turns).

shakdrar the Peltast (Minotaur Fighter)            Turns: 34371, Time: 03:01:42

Health: -1/139     AC: 20    Str: 25    XL:     16   Next: 52%
Magic:  22/22      EV:  8    Int:  8    God:    Okawaru [*****.]
Gold:   1086       SH:  0    Dex: 12    Spells: 0 memorised, 15 levels left

rFire  . . .     SeeInvis .     s - +10 mace "Fisarchis" {holy, Str+2}
rCold  . . .     Clarity  .     a - +0 scale mail {rPois}
rNeg   . . .     SustAt   +     r - +0 large shield
rPois  +         Gourm    +     (helmet restricted)
rElec  .         Spirit   .     R - +1 cloak
rCorr  .         Warding  .     m - +0 pair of gloves of the Harvest {MR+}
rMut   .         Stasis   .     y - +1 pair of boots
MR     ++...                    W - amulet of the gourmand
Stlth  +.........               P - ring of poison resistance
                                i - ring of sustain attributes

@: heroism, held, very resistant to hostile enchantments, very unstealthy
A: retaliatory headbutt, horns 2, repulsion field 1
a: Heroism, Finesse, Renounce Religion


You were on level 1 of the Spider Nest.
You worshipped Okawaru.
Okawaru was extremely pleased with you.
You were hungry.

You visited 5 branches of the dungeon, and saw 27 of its levels.

You collected 3447 gold pieces.
You spent 2361 gold pieces at shops.

Inventory:

Hand weapons
 g - a +1 vampiric broad axe
 s - the +10 mace "Fisarchis" (weapon) {holy, Str+2}
   (You found it on level 5 of the Dungeon)

   It has been blessed by the Shining One to cause great damage to the undead
   and demons.
   It affects your strength (+2).
 w - the +4 flail of the King {flame, +Blink Int+2 Dex+2}
   (Okawaru gifted it to you on level 13 of the Dungeon)

   It has been specially enchanted to burn those struck by it, causing extra
   injury to most foes and up to half again as much damage against particularly
   susceptible opponents.
   It affects your intelligence (+2).
   It affects your dexterity (+2).
   It lets you blink.
 C - a +0 flail of distortion
 E - a +0 blowgun
 T - a +0 flail of draining
 V - a +4 war axe of venom
Missiles
 p - 56 poisoned needles
 F - 15 curare-tipped needles
 G - 7 silver javelins (quivered)
Armour
 a - a +0 scale mail of poison resistance (worn)
 m - the +0 pair of gloves of the Harvest (worn) {MR+}
   (You bought it in a shop on level 7 of the Dungeon)

   It affects your resistance to hostile enchantments.
 r - a +0 large shield (worn)
 u - a +4 plate armour of magic resistance
 y - a +1 pair of boots (worn)
 R - a +1 cloak (worn)
Rods
 K - a +3 rod of the swarm (12/12)
   (You took it off a deep elf fighter on level 12 of the Dungeon)
Jewellery
 h - an uncursed ring of protection from magic
 i - a ring of sustain attributes (left hand)
 O - an uncursed ring of flight
 P - a ring of poison resistance (right hand)
 W - an amulet of the gourmand (around neck)
Magical devices
 c - a wand of digging (3)
 H - a wand of draining (4)
 J - a wand of cold (1)
 L - a wand of enslavement (16)
 S - a wand of flame (17)
 U - a wand of polymorph (6)
 X - a wand of paralysis (8)
 Z - a wand of disintegration (13)
Scrolls
 b - 3 scrolls of recharging
 f - 12 scrolls of teleportation
 n - 7 scrolls of remove curse
 o - 5 scrolls of identify
 B - 2 scrolls of magic mapping
 N - 2 scrolls of blinking
Potions
 d - 6 potions of might
 l - 6 potions of agility
 I - a potion of invisibility
 Q - a potion of curing
Miscellaneous
 Y - 2 phantom mirrors
Comestibles
 e - 6 bread rations
 t - 9 meat rations
 z - 5 fruits


   Skills:
 - Level 12.0(17.0) Fighting
 - Level 7.0(14.4) Axes
 - Level 9.8(15.7) Maces & Flails
 - Level 6.2(11.2) Throwing
 - Level 18.2(23.2) Armour
 - Level 1.0(6.0) Dodging
 + Level 19.1(24.1) Shields
 - Level 6.0 Invocations
 - Level 10.2 Evocations


You had 15 spell levels left.
You didn't know any spells.

Dungeon Overview and Level Annotations

Branches:
Dungeon (13/15)            Temple (1/1) D:4            Lair (8/8) D:11
 Shoals (0/4) Lair:6       Spider (1/4) Lair:5        Slime (0/6) Lair:6
    Orc (4/4) D:11            Elf (0/3) Orc:4        Vaults (0/5) D:13

Altars:
Ashenzari
Cheibriados
Dithmenos
Elyvilon
Fedhas
Gozag
Kikubaaqudgha
Makhleb
Nemelex Xobeh
Okawaru
Qazlal
Ru
Sif Muna
Trog
Vehumet
Xom
Yredelemnul
Zin
The Shining One
Jiyva

Shops:
D:7 [   D:11 *   Orc:1 *   Orc:4 !!(}?

Portals:
Pandemonium: Orc:4

Annotations:
Lair:6 1 runed door


Innate Abilities, Weirdness & Mutations

You reflexively headbutt those who attack you in melee.
You have a pair of horns on your head.
You are surrounded by a mild repulsion field (EV +2).


Message History

The jumping spider bites you but does no damage.
The jumping spider leaps!
The jumping spider closely misses you.
The jumping spider bites you but does no damage.
The wolf spider hits you but does no damage.
The wolf spider bites you but does no damage.
Read which item? (? for menu, Esc to quit)
Okay, then.
Drink which item? (? for menu, Esc to quit)
Your magical contamination has completely faded away.
You feel magically purged. The hornet closely misses you.
The jumping spider pounces on you but does no damage.
The jumping spider bites you but does no damage.
The jumping spider pounces on you!
* * * LOW HITPOINT WARNING * * *
The jumping spider bites you but does no damage.
The jumping spider closely misses you. The jumping spider barely misses you.
The wolf spider hits you but does no damage.
The wolf spider bites you but does no damage.
The hornet stings you!
You die...

....# ..........#
....#
..#..........#
......
.......s...=##
#......
....!#.....##
#.......
.....#..#...####
#..##...
#...#.......#.##
#..............##
#....ss.........##
#.....@§.#.......#
......ssy.#......##
.................#
....#.#s.†....^..#
... ###....!..#.##
#. #..###.#### #
#### ###


You could see a wolf spider, a hornet, an orb spider and 4 jumping spiders.

Vanquished Creatures
  Rupert (Lair:7)
  Kirke (Lair:5)
  Donald (Orc:4)
  Maud (D:12)
  A stone giant (Orc:3)
  Josephine (Lair:7)
  2 vault guards (D:13)
  A fire dragon (Lair:8)
  An ice dragon (Lair:8)
  Harold (Lair:1)
  A catoblepas (Lair:8)
  7 hydras
  A centaur warrior (D:13)
  Erolcha (D:8)
  19 death yaks
  A soul eater (Orc:4)
  4 deep elf knights (D:12)
  4 orc high priests (Orc:4)
  Urug (Orc:3)
  Nergalle (Orc:3)
  8 skeletal warriors (D:12)
  2 infernal demonspawn (Orc:4)
  A necromancer (D:13)
  A putrid demonspawn (Orc:4)
  2 hill giants
  2 deep elf summoners (D:12)
  2 lindwurms (Lair:8)
  4 orc knights (Orc:4)
  7 orc sorcerers (Orc:4)
  2 wolf spiders (Spider:1)
  An orb spider (Spider:1)
  4 ugly things
  A manticore (D:13)
  4 griffons
  32 elephants
  2 rust devils (Orc:4)
  Maurice (D:9)
  2 cyclopes (D:12)
  6 black mambas
  5 torpor snails (Lair:8)
  7 spiny frogs
  3 gargoyles
  A smoke demon (Orc:4)
  A yaktaur (D:13)
  5 kobold demonologists (D:13)
  A queen bee (D:8)
  10 fire drakes
  A blue devil (Orc:4)
  8 komodo dragons
  2 trolls (D:11)
  2 jumping spiders (Spider:1)
  A boulder beetle (Lair:8)
  3 giant leeches (Lair:8)
  2 two-headed ogres
  9 blink frogs (Lair:3)
  12 slime creatures
  A spriggan (Lair:8)
  4 trapdoor spiders
  4 deep elf magi
  12 wyverns
  A shadow (D:13)
  6 wraiths
  4 fire bats (Lair:5)
  3 tarantellas (Spider:1)
  3 basilisks
  6 vampire mosquitoes
  26 humans
  2 hogs (Lair:5)
  10 wolves
  13 deep elf fighters (D:12)
  14 hippogriffs
  2 hungry ghosts
  3 steam dragons
  A soldier ant (D:13)
  43 yaks
  7 porcupines
  A neqoxec (Orc:4)
  2 wargs
  21 water moccasins
  A mottled dragon (Lair:8)
  4 ice beasts
  4 swamp drakes (Lair:8)
  4 sky beasts
  3 black bears
  34 orc warriors
  An eye of draining (D:12)
  9 ogres
  5 phantoms
  7 centaurs
  A necrophage (D:7)
  5 wasps
  24 crocodiles
  5 brain worms (Lair:8)
  2 big kobolds
  22 giant frogs
  9 scorpions
  51 killer bees
  3 electric eels
  4 crimson imps
  A lava snake (Lair:5)
  2 giant frog zombies
  A wasp zombie (D:7)
  A centaur zombie (D:8)
  6 giant frog skeletons
  3 jellies
  5 centaur skeletons
  6 hounds
  37 orc wizards
  10 iguanas
  44 orc priests
  11 hell rats (Lair:8)
  11 worker ants
  14 sheep
  A worker ant zombie (D:9)
  11 gnolls
  45 river rats
  11 adders
  6 shadow imps
  4 oozes
  19 worms
  4 giant geckos
  177 orcs
  7 bats
  8 giant cockroaches
  9 goblins
  4 hobgoblins
  6 jackals
  2 quokkas
  3 ball pythons
  A giant gecko skeleton (D:6)
  3 giant newts
  15 kobolds
  A quokka skeleton (D:4)
  7 rats
  2 plants
1093 creatures vanquished.

Vanquished Creatures (others)
  2 humans (Lair:5)
  A basilisk (Lair:8)
  A swamp drake (Lair:8)
  A giant frog (Lair:5)
  An iguana (Lair:8)
  A sheep (D:12)
  17 fungi
  25 plants
49 creatures vanquished.

Grand Total: 1142 creatures vanquished

Notes
Turn   | Place    | Note
--------------------------------------------------------------
     0 | D:1      | shakdrar the Minotaur Fighter began the quest for the Orb.
     0 | D:1      | Reached XP level 1. HP: 19/19 MP: 0/0
   175 | D:1      | Reached XP level 2. HP: 27/27 MP: 1/1
   283 | D:1      | Reached skill level 4 in Armour
   732 | D:1      | Reached XP level 3. HP: 33/33 MP: 2/2
  1036 | D:2      | Reached skill level 1 in Dodging
  1456 | D:3      | Reached XP level 4. HP: 41/41 MP: 3/3
  1770 | D:3      | Reached skill level 5 in Shields
  1776 | D:3      | Reached XP level 5. HP: 42/47 MP: 4/4
  1781 | D:3      | Reached skill level 5 in Armour
  2501 | D:4      | Found a staircase to the Ecumenical Temple.
  2510 | Temple   | Entered the Ecumenical Temple
  2518 | Temple   | Became a worshipper of Warmaster Okawaru
  2624 | D:4      | Noticed an ogre
  2630 | D:4      | Killed an ogre
  2630 | D:4      | Reached skill level 6 in Shields
  2630 | D:4      | Reached XP level 6. HP: 41/53 MP: 5/5
  2784 | D:5      | Entered Level 5 of the Dungeon
  2903 | D:5      | Got a brightly glowing mace
  2904 | D:5      | Identified the +10 mace "Fisarchis" {holy, Str+2} (You found it on level 5 of the Dungeon)
  2955 | D:5      | Acquired Okawaru's first power
  2955 | D:5      | Reached skill level 7 in Shields
  2955 | D:5      | Reached XP level 7. HP: 49/60 MP: 6/6
  3365 | D:5      | Reached skill level 1 in Maces & Flails
  3610 | D:5      | Reached skill level 8 in Shields
  3827 | D:6      | Reached XP level 8. HP: 67/67 MP: 7/7
  4061 | D:6      | Reached skill level 9 in Shields
  4389 | D:7      | Found a radiant altar of Vehumet.
  4642 | D:7      | Found Kutiej's Armour Boutique.
  4645 | D:7      | Bought the +0 pair of gloves of the Harvest {MR+} for 205 gold pieces
  4645 | D:7      | Bought a +0 large shield for 54 gold pieces
  4678 | D:7      | Reached XP level 9. HP: 66/71 MP: 8/8
  4694 | D:7      | Reached skill level 5 in Maces & Flails
  4694 | D:7      | Reached skill level 10 in Shields
  4936 | D:7      | Identified the Grimoire of Floating Blows and Bruises
  5013 | D:7      | Reached skill level 10 in Armour
  5035 | D:7      | Reached skill level 11 in Shields
  5851 | D:8      | Noticed Erolcha
  5860 | D:8      | Killed Erolcha
  5860 | D:8      | Reached skill level 12 in Shields
  5860 | D:8      | Reached XP level 10. HP: 56/79 MP: 9/9
  6137 | D:8      | Acquired Okawaru's second power
  6150 | D:8      | Reached skill level 13 in Shields
  6473 | D:8      | Received a gift from Okawaru
  6798 | D:8      | Reached skill level 14 in Shields
  6915 | D:8      | Found an iron altar of Okawaru.
  7023 | D:9      | Received a gift from Okawaru
  7196 | D:9      | Noticed Maurice
  7461 | D:9      | Killed Maurice
  7461 | D:9      | Reached XP level 11. HP: 84/84 MP: 10/10
  7659 | D:10     | Entered Level 10 of the Dungeon
  8169 | D:10     | Reached skill level 15 in Shields
  8411 | D:10     | Reached skill level 1 in Invocations
  8799 | D:11     | Found a staircase to the Lair.
  8952 | D:11     | Noticed a hill giant
  8964 | D:11     | Killed a hill giant
  8975 | D:11     | Received a gift from Okawaru
  9224 | D:11     | Found a staircase to the Orcish Mines.
  9361 | D:11     | Reached skill level 16 in Shields
  9764 | D:11     | Found Empud's Serpentskin Sales.
  9782 | D:11     | Bought an uncursed ring of poison resistance for 300 gold pieces
  9831 | D:11     | Got a jewelled ring mail
  9842 | D:11     | Identified the +3 ring mail "Naij" {rF+ rC- Int+4} (You found it on level 11 of the Dungeon)
  9946 | Lair:1   | Entered Level 1 of the Lair of Beasts
  9969 | Lair:1   | Gained mutation: Your body sometimes deteriorates upon taking damage. [potion of mutation]
  9969 | Lair:1   | Gained mutation: Your flesh is heat resistant. [potion of mutation]
  9999 | Lair:1   | Noticed Harold
 10030 | Lair:1   | Killed Harold
 10233 | Lair:1   | Reached XP level 12. HP: 62/92 MP: 10/12
 10292 | Lair:1   | Reached skill level 17 in Shields
 11285 | Lair:2   | Reached skill level 15 in Armour
 11339 | Lair:2   | Reached skill level 5 in Fighting
 11531 | Lair:2   | Received a gift from Okawaru
 11540 | Lair:2   | Got an ichor-stained ice dragon armour {god gift}
 11551 | Lair:2   | Identified the +1 ice dragon armour "Ydghamy" {+Fly rF- rC++ MR- rCorr Dex+4} (Okawaru gifted it to you on level 2 of the Lair of Beasts)
 12120 | Lair:3   | Noticed a four-headed hydra
 12241 | Lair:3   | Killed a four-headed hydra
 12247 | Lair:3   | Reached skill level 1 in Evocations
 12919 | Lair:3   | Reached XP level 13. HP: 111/111 MP: 12/14
 14052 | Lair:4   | Reached skill level 5 in Evocations
 14062 | Lair:4   | Received a gift from Okawaru
 14064 | Lair:4   | Got a bloodstained greatsling {god gift}
 14350 | Lair:4   | Identified a scroll of acquirement
 15325 | Lair:5   | Received a gift from Okawaru
 15346 | Lair:5   | Noticed Kirke
 15371 | Lair:5   | Killed Kirke
 15668 | Lair:5   | Reached skill level 5 in Invocations
 16251 | Lair:5   | Found a hole to the Spider Nest.
 16271 | Lair:5   | Reached skill level 10 in Fighting
 16720 | Lair:5   | Reached XP level 14. HP: 102/121 MP: 19/19
 16931 | Lair:6   | Found a staircase to the Shoals.
 16950 | Lair:6   | Got a brightly glowing quarterstaff
 16957 | Lair:6   | Identified the cursed +0 quarterstaff of Qaen Pui {venom, rF+ Int+4 Dex+3} (You found it on level 6 of the Lair of Beasts)
 17946 | Lair:6   | Found a runed door.
 17947 | Lair:6   | Found a viscous altar of Jiyva.
 17947 | Lair:6   | Noticed an azure jelly
 17953 | Lair:6   | Found a staircase to the Slime Pits.
 17953 | Lair:6   | Noticed an azure jelly
 18035 | Lair:6   | Got a faintly glowing whip
 18036 | Lair:6   | Identified the +6 whip "Kupakon" {freeze, +Rage} (You found it on level 6 of the Lair of Beasts)
 18595 | Lair:7   | Noticed Rupert
 18619 | Lair:7   | Killed Rupert
 19167 | Lair:7   | Noticed Josephine
 19180 | Lair:7   | Killed Josephine
 20708 | Lair:8   | Entered Level 8 of the Lair of Beasts
 20996 | Lair:8   | Received a gift from Okawaru
 21004 | Lair:8   | Got an ichor-stained scimitar {god gift}
 21005 | Lair:8   | Identified the +10 scimitar of Mastery {drain, rPois rC+ MP+9 Int-5} (Okawaru gifted it to you on level 8 of the Lair of Beasts)
 21225 | Lair:8   | Reached skill level 18 in Armour
 21484 | Lair:8   | Found a runed door.
 22567 | Lair:8   | Reached skill level 10 in Evocations
 22576 | Lair:8   | Reached XP level 15. HP: 88/126 MP: 21/21
 23037 | Lair:8   | Received a gift from Okawaru
 24574 | Orc:1    | Entered Level 1 of the Orcish Mines
 25269 | Orc:1    | Found Ruicesar's Assorted Antiques.
 25795 | Orc:3    | Noticed Nergalle
 25824 | Orc:3    | Killed Nergalle
 26232 | Orc:3    | Reached skill level 5 in Axes
 26745 | Orc:3    | Noticed Urug
 26761 | Orc:3    | Killed Urug
 27056 | Orc:3    | Found a burning altar of Makhleb.
 27190 | Orc:4    | Entered Level 4 of the Orcish Mines
 27316 | Orc:4    | Noticed Donald
 27341 | Orc:4    | Killed Donald
 27341 | Orc:4    | Received a gift from Okawaru
 27512 | Orc:4    | Found Elesuah's Distillery.
 27561 | Orc:4    | Found Feur's Distillery.
 27819 | Orc:4    | Bought 2 potions of cure mutation for 1120 gold pieces
 27819 | Orc:4    | Lost mutation: Your body sometimes deteriorates upon taking damage. [potion of cure mutation]
 27819 | Orc:4    | Lost mutation: Your flesh is heat resistant. [potion of cure mutation]
 28264 | Orc:4    | Found Vyragh's Gadget Shop.
 28264 | Orc:4    | Found a one-way gate leading to the halls of Pandemonium.
 28264 | Orc:4    | Found Meikad's Antique Weapon Boutique.
 28299 | Orc:4    | Bought a wand of flame (20) for 187 gold pieces
 28600 | Orc:4    | Found Yczosop's Magic Scroll Emporium.
 28613 | Orc:4    | Bought a scroll of enchant weapon for 135 gold pieces
 28613 | Orc:4    | Bought a scroll of brand weapon for 360 gold pieces
 28883 | Orc:4    | Found a staircase to the Elven Halls.
 29867 | D:12     | Noticed Maud
 29886 | D:12     | Killed Maud
 30401 | D:12     | Received a gift from Okawaru
 30581 | D:12     | Reached skill level 5 in Throwing
 30586 | D:12     | Reached XP level 16. HP: 76/139 MP: 22/22
 31620 | D:13     | Found a gate to the Vaults.
 31690 | D:13     | Received a gift from Okawaru
 31731 | D:13     | Got an iridescent flail {god gift}
 31732 | D:13     | Identified the +4 flail of the King {flame, +Blink Int+2 Dex+2} (Okawaru gifted it to you on level 13 of the Dungeon)
 33594 | Temple   | Gained mutation: You are surrounded by a mild repulsion field (EV +2). [potion of beneficial mutation]
 34017 | Spider:1 | Entered Level 1 of the Spider Nest
 34037 | Spider:1 | Reached skill level 19 in Shields
 34139 | Spider:1 | Received a gift from Okawaru
 34371 | Spider:1 | Slain by a hornet

Vault maps used:
D:1:      matt_arrival_los_fun
D:2:      hangedman_abyss_or_decor_lesser_grid
D:4:      minmay_temple_entry_trees, first_bread
D:6:      minmay_flawed_box
D:7:      lemuel_upstairs_altar, old_standard_altar, serial_shops,
          nicolae_shop_behind_doors, minmay_ruffians
D:8:      basic_altar, david_nohive_1, uniq_erolcha
D:9:      uniq_maurice
D:11:     lair_0_dummy, david_orc_1_choice, guppyfry_shop_venom
D:12:     minmay_elf_outpost, lemuel_flamethrower_3, uniq_maud
D:13:     grunt_vaults_entry_tiered, kennysheep_boxes
Temple:   nicolae_temple_no_exploring_needed
Lair:1:   mu_elephants_graveyard, serial_bayou_shore_b, lemuel_fruit_fields,
          uniq_harold
Lair:2:   statuecave_lemuel, guppyfry_lair_drakes
Lair:3:   lab_entry_generic, zaba_anthole
Lair:4:   special_room
Lair:5:   beast_lair_carwin_large_3, spider_nest_entry_webs, uniq_kirke
Lair:6:   elwin_shoals_entry_rocks, slime_altar_2, beast_lair_carwin_5,
          serial_bayou_shore_b, lemuel_fruit_tree
Lair:7:   st_stairs_5, serial_bayou_shore_b, grunt_megastairs_3, uniq_rupert,
          uniq_josephine
Lair:8:   wormcave, guppyfry_lair_end_dragon, grunt_forest_large_clearing_hut,
          serial_bayou_shore_a
Orc:1:    serial_shops, nicolae_shop_overgrown_old_shop
Orc:3:    nicolae_orc_pool_cavern, bloody_makhleb, uniq_nergalle, uniq_urug
Orc:4:    pf_orc_diabolical, serial_shops, nicolae_shop_trees, uniq_donald

Action                   |  1- 3 |  4- 6 |  7- 9 | 10-12 | 13-15 | 16-18 || total
-------------------------+-------+-------+-------+-------+-------+-------++-------
Melee: War axe           |   102 |   112 |       |    62 |   241 |    87 ||   604
       Mace              |       |     9 |   286 |   881 |  2050 |   343 ||  3569
       Eveningstar       |       |       |       |    58 |       |       ||    58
       Executioner's axe |       |       |       |       |     7 |       ||     7
       Whip              |       |       |       |       |    16 |       ||    16
       Flail             |       |       |       |       |       |    18 ||    18
 Fire: Blowgun           |       |       |       |     4 |     4 |       ||     8
Invok: Heroism           |       |       |       |     7 |    21 |     4 ||    32
       Finesse           |       |       |       |       |     3 |     1 ||     4
Evoke: Wand              |       |       |       |       |    24 |    11 ||    35
  Use: Scroll            |    13 |     2 |     3 |     8 |    20 |     5 ||    51
       Potion            |       |     4 |     2 |     7 |     5 |     6 ||    24
 Stab: Invisible         |       |       |       |     1 |       |       ||     1
       Confused          |       |       |       |       |     1 |       ||     1
  Eat: Chunk             |     2 |     5 |     5 |     9 |    11 |     5 ||    37
       Meat ration       |       |       |     1 |     1 |     1 |       ||     3
       Pizza             |       |       |     1 |       |     5 |       ||     6
       Beef jerky        |       |       |       |     2 |       |     2 ||     4
       Royal jelly       |       |       |       |     3 |     5 |       ||     8
       Fruit             |       |       |       |     6 |     3 |       ||     9
       Bread ration      |       |       |       |       |     5 |     1 ||     6
